 Dungeon Crawl Stone Soup version 0.20.0-9-g8272e65 (webtiles) character file.

524 Manul the Ducker (level 7, 0/36 HPs)
             Began as a Spriggan Abyssal Knight on June 3, 2017.
             Was a Believer of Lugonu.
             Killed from afar by an orc wizard (8 damage)
             ... with a puff of flame
             ... on level 3 of the Dungeon.
             The game lasted 00:07:50 (6992 turns).

Manul the Ducker (Spriggan Abyssal Knight)          Turns: 6992, Time: 00:07:50

Health: 0/36       AC:  4    Str:  8    XL:     7   Next: 2%
Magic:  9/9        EV: 21    Int: 14    God:    Lugonu [**....]
Gold:   121        SH:  6    Dex: 19    Spells: 6/6 levels left

rFire    . . .     SeeInvis +   a - +1 short sword
rCold    + . .     Gourm    .   h - +0 buckler "Jege" {rC+ SInv}
rNeg     + . .     Faith    .   B - +2 animal skin
rPois    .         Spirit   .   (helmet restricted)
rElec    .         Reflect  .   (no cloak)
rCorr    .         Harm     .   (gloves unavailable)
MR       +....                  (boots unavailable)
Stlth    +++.......             (no amulet)
Regen    0.2/turn               A - ring of positive energy
MPRegen  0.2/turn               z - +2 ring of dexterity

@: very quick
A: unfitting armour, see invisible, herbivore 3, speed 3, slow metabolism 2
a: Depart the Abyss, Bend Space, Renounce Religion


You were on level 3 of the Dungeon.
You worshipped Lugonu.
Lugonu was pleased with you.
You were not hungry.

You visited 1 branch of the dungeon, and saw 4 of its levels.
You visited the Abyss 1 time.
You also visited: Sewer.

You collected 121 gold pieces.

Inventory:

Hand Weapons
 a - a +1 short sword (weapon)
Armour
 b - a +0 robe
 h - the +0 buckler "Jege" (worn) {rC+ SInv}
   (You found it on level 2 of the Abyss)

   It protects you from cold.
   It lets you see invisible.
 B - a +2 animal skin (worn)
Jewellery
 r - an uncursed ring of resist corrosion
 w - a cursed amulet of inaccuracy {unknown}
 z - a +2 ring of dexterity (right hand)
 A - a ring of positive energy (left hand)
Wands
 e - a wand of confusion (19/48)
 f - a wand of disintegration (0/24)
 C - a wand of digging (13/24)
Scrolls
 d - 2 scrolls of enchant armour {unknown}
 m - 3 scrolls of blinking {unknown}
 p - 2 scrolls of remove curse
 t - 6 scrolls of teleportation {unknown}
 u - a scroll of amnesia {unknown}
 v - 2 scrolls of fear {unknown}
 x - a scroll of recharging
 y - a scroll of identify
Potions
 g - 2 potions of lignification {unknown}
 i - 3 potions of curing
 j - 3 potions of brilliance {unknown}
 k - a potion of degeneration {unknown}
 l - a potion of heal wounds {unknown}
 n - 2 potions of ambrosia {unknown}
 q - a potion of mutation {unknown}
 s - a potion of cancellation {unknown}
Comestibles
 c - a bread ration
 o - 3 fruits


   Skills:
 + Level 3.2 Fighting
 + Level 4.8 Short Blades
 + Level 5.5 Dodging
 * Level 5.1 Stealth
 * Level 2.1 Shields
 - Level 1.7 Invocations
 + Level 1.1 Evocations


You had 6 spell levels left.
You didn't know any spells.

Dungeon Overview and Level Annotations

Branches:
Dungeon (4/15)
 Temple: D:4-7

Altars:
Xom


Innate Abilities, Weirdness & Mutations

You are very small and have problems with some larger weapons.
You are too small for most types of armour.
You have supernaturally acute eyesight. (SInv)
You are a herbivore.
You cover ground extremely quickly.
You need consume almost no food.


Message History

You are too injured to fight recklessly!
You are too injured to fight recklessly!
You are too injured to fight recklessly!
You are too injured to fight recklessly!
You are too injured to fight recklessly!
You are too injured to fight recklessly!
You hit the orc wizard.
The orc wizard is severely wounded.
The orc wizard misses you.
You closely miss the orc wizard.
The orc wizard is severely wounded.
The orc wizard gestures at you while chanting.
The puff of flame hits you!
* * * LOW HITPOINT WARNING * * *
You hit the orc wizard but do no damage.
The orc wizard is severely wounded.
The orc wizard barely misses you.
The orc wizard gestures at you while chanting.
The puff of flame hits you!
You die...

# #.# #...# #.##.##.#..# # #.#
#.### ####.##.##....# # #.# #.#
#....##.###...# # #.# #.#
#.#####.# #..(# ####.# #.#
##.#####.# #...# .....# #.#
#.....##.###...## ###### #.#
#.#...##...>....# #
#.#####o......######..# #
#.......@.....)...[...# #
#######..(....######..#
######### #.#...### #..#
.....†..# #.#...########..##
#######.#######.##.............#
#............#######..†..#
#########.#####..........# #.#
#.####.....# ###############.#
#.# #.....#


You could see an orc wizard (invisible).

Vanquished Creatures
  Sigmund (D:3)
  A hound (D:4)
  An orc wizard (D:3)
  An orc priest (D:3)
  Natasha (thrice) (D:3 D:4)
  A hound skeleton (D:3)
  Robin (D:1)
  6 adders
  2 river rats (D:3)
  3 dart slugs
  3 leopard geckos (D:3)
  13 orcs
  4 giant cockroaches
  12 goblins
  6 hobgoblins
  3 jackals (D:2)
  6 quokkas
  4 ball pythons
  8 bats
  9 frilled lizards
  10 kobolds
  6 rats
104 creatures vanquished.

Notes
Turn   | Place    | Note
-------+----------+-------------------------------------------
     0 | Abyss:1  | Manul the Spriggan Abyssal Knight began the quest for the Orb.
     0 | Abyss:1  | Reached XP level 1. HP: 11/11 MP: 3/3
    29 | Abyss:1  | Noticed a large abomination
    45 | Abyss:1  | Noticed a chaos spawn
    70 | Abyss:1  | Noticed a chaos spawn
    78 | Abyss:1  | Found a corrupted altar of Lugonu.
    91 | Abyss:1  | Noticed a shadow dragon skeleton
   109 | Abyss:2  | Noticed a worldbinder
   111 | Abyss:2  | Noticed a black mamba
   111 | Abyss:2  | Noticed a black mamba
   129 | Abyss:2  | Noticed a worldbinder
   137 | Abyss:2  | Noticed a spiny frog
   138 | Abyss:2  | Noticed a spiny frog
   138 | Abyss:2  | Noticed a spiny frog
   150 | Abyss:2  | Noticed a naga
   151 | Abyss:2  | Noticed a naga
   154 | Abyss:2  | Noticed a small abomination
   158 | Abyss:2  | Noticed an ancient zyme
   160 | Abyss:2  | Noticed a spiny frog
   162 | Abyss:2  | Noticed a mana viper
   162 | Abyss:2  | Noticed a black mamba
   164 | Abyss:2  | Noticed a blink frog
   166 | Abyss:2  | Got a faintly humming buckler
   177 | Abyss:2  | Noticed a glowing orange brain
   181 | Abyss:2  | Noticed a smoke demon
   182 | D:1      | Escaped the Abyss
   188 | D:1      | Identified the +0 buckler "Jege" {rC+ SInv} (You found it on level 2 of the Abyss)
   316 | D:1      | Reached * piety under Lugonu
   684 | D:1      | Reached XP level 2. HP: 11/16 MP: 4/4
  1257 | D:2      | Reached skill level 1 in Stealth
  1320 | D:2      | Reached XP level 3. HP: 16/19 MP: 5/5
  1520 | D:2      | Reached skill level 1 in Shields
  2642 | D:3      | Found a glowing drain.
  2671 | D:3      | Reached XP level 4. HP: 21/23 MP: 6/6
  2698 | Sewer    | Entered a sewer
  2974 | Sewer    | Reached ** piety under Lugonu
  3459 | D:3      | Reached XP level 5. HP: 10/28 MP: 7/7
  4007 | D:3      | Noticed Natasha
  4028 | D:3      | Killed Natasha
  4161 | D:3      | Noticed Natasha
  4164 | D:3      | Noticed Robin
  4259 | D:1      | Killed Robin
  4581 | D:3      | Noticed Sigmund
  4982 | D:3      | Found a shimmering altar of Xom.
  5229 | D:3      | Killed Sigmund
  5229 | D:3      | Reached skill level 5 in Dodging
  5229 | D:3      | Reached skill level 1 in Evocations
  5229 | D:3      | Reached XP level 6. HP: 10/32 MP: 8/8
  6213 | D:4      | Killed Natasha
  6332 | D:4      | Noticed Natasha
  6343 | D:4      | Killed Natasha
  6343 | D:4      | Reached skill level 5 in Stealth
  6360 | D:4      | Reached XP level 7. HP: 23/36 MP: 9/9
  6978 | D:4      | Noticed a hungry ghost
  6992 | D:3      | Killed from afar by an orc wizard

Skill      XL: |  1  2  3  4  5  6 |
---------------+-------------------+-----
Stealth        | 1 2 4 5 |  5.1
Shields        | 1 2 |  2.1
Short Blades   | 3 4 |  4.8
Dodging        | 4 5 |  5.5
Fighting       | 3 |  3.2
Evocations     | 1 |  1.1
Invocations    | |  1.7

Action                   |  1- 3 |  4- 6 |  7- 9 || total
-------------------------+-------+-------+-------++-------
Melee: Short sword       |   140 |   333 |    17 ||   490
Invok: Depart the Abyss  |     1 |       |       ||     1
Evoke: Wand              |     1 |    16 |     2 ||    19
  Use: Scroll            |     2 |     2 |       ||     4
       Potion            |       |     1 |     1 ||     2
 Stab: Sleeping          |     1 |     6 |     1 ||     8
       Confused          |       |     7 |       ||     7
  Eat: Bread ration      |       |     1 |       ||     1
Armor: Robe              |    11 |     7 |       ||    18
       Animal skin       |       |    11 |     1 ||    12
Dodge: Dodged            |   113 |   216 |    11 ||   340
Block: Buckler           |    51 |    97 |     5 ||   153
